 Dungeon Crawl Stone Soup version 0.29.1-13-g9f3cf754e1 (webtiles) character file.

Game seed: 6024046930920102916

93 cheesebisquit the Digger (level 4, -2/24 HPs)
             Began as a Gargoyle Earth Elementalist on Jan 20, 2023.
             Slain by Crazy Yiuf
             ... wielding a +3 quarterstaff of chaos
              (5 damage)
             ... on level 2 of the Dungeon.
             The game lasted 00:04:48 (1807 turns).

cheesebisquit the Digger (GrEE)                     Turns: 1807, Time: 00:04:48

Health: -2/24      AC:  5    Str: 11    XL:     4   Next: 61%
Magic:  4/8        EV: 12    Int: 18    God:
Gold:   71         SH:  0    Dex: 10    Spells: 8/9 levels left

rFire   . . .      SeeInvis .   r - +4 hand axe
rCold   . . .      Faith    .   (no shield)
rNeg    + . .      Spirit   .   a - +0 robe
rPois   ∞          Reflect  .   (no helmet)
rElec   +          Harm     .   (no cloak)
rCorr   +          Rampage  .   (no gloves)
Will    .....                   (no boots)
Stlth   ++........              (no amulet)
HPRegen 0.08/turn               l - +4 ring of evasion
MPRegen 0.11/turn               q - ring of resist corrosion

@: grasped by roots, constricted
A: sickness immunity, AC +3, negative energy resistance 1, electricity
resistance, torment resistance 1, petrification resistance
a: no special abilities


You were on level 2 of the Dungeon.
You visited 1 branch of the dungeon, and saw 2 of its levels.

You collected 71 gold pieces.

Inventory:

Hand Weapons
 r - a +4 hand axe (weapon)
Missiles
 n - 5 poisoned darts
Armour
 a - a +0 robe (worn)
Jewellery
 l - a +4 ring of evasion (left hand)
 q - a ring of resist corrosion (right hand)
Scrolls
 d - a scroll of noise {unknown}
 g - 2 scrolls of amnesia {unknown}
 h - a scroll of torment {unknown}
 k - a scroll of enchant weapon {unknown}
 p - a scroll of summoning {unknown}
Potions
 b - a potion of magic
 c - a potion of might {unknown}
 e - a potion of haste {unknown}
 f - 2 potions of berserk rage {unknown}
 i - a potion of degeneration {unknown}
 j - a potion of ambrosia {unknown}
 m - 2 potions of curing {unknown}
 o - a potion of brilliance {unknown}


   Skills:
 - Level 1.5 Dodging
 - Level 2.1 Stealth
 + Level 3.3 Spellcasting
 - Level 0.7 Transmutations
 + Level 5.2 Earth Magic


You had 8 spell levels left.
You knew the following spells:

 Your Spells              Type           Power      Damage    Failure   Level
a - Sandblast             Erth           42%        2d11      1%          1

Your spell library contained the following spells:

 Spells                   Type           Power      Damage    Failure   Level
 Passwall                 Tmut/Erth      10%        N/A       7%          2
 Summon Small Mammal      Summ           8%         N/A       16%         1
 Stone Arrow              Conj/Erth      24%        3d8       16%         3
 Call Canine Familiar     Summ           2%         N/A       43%         3
 Summon Guardian Golem    Hex/Summ       2%         N/A       43%         3
 Petrify                  Tmut/Erth      13%        N/A       43%         4


Dungeon Overview and Level Annotations

Branches:
Dungeon (2/15)

Altars:

Annotations:
D:2 Crazy Yiuf


Innate Abilities, Weirdness & Mutations

You are immune to sickness and miasma.
Your stone body is resilient. (AC +3)
You are immune to poison.
You resist negative energy. (rN+)
You are resistant to electric shocks. (rElec)
You are resistant to unholy torment.
You are immune to petrification.


Message History

The blast of sand hits the worm!
You kill the worm!
Found a hammer.
Found a runed translucent door.
Crazy Yiuf shouts!
Crazy Yiuf laughs, "Cards song verde!"
Crazy Yiuf screams, "Earwax tired action!"
Could not explore, unopened runed door.
You can't see any susceptible monsters within range! (Use Z to cast anyway.)
You open the door.
The blast of sand hits Crazy Yiuf.
Crazy Yiuf is lightly wounded.
Crazy Yiuf misses you.
Crazy Yiuf hits you with a +3 quarterstaff of chaos!
Crazy Yiuf burns you.
You are too injured to fight recklessly!
Aiming: Sandblast (safe; 1% risk of failure)
Press: ? - help, Q - select action, (/) - cycle Shift-Dir - straight line, f/p - Crazy Yiuf
Aim: Crazy Yiuf, wielding a +3 quarterstaff of chaos, wearing a +0 cloak and carrying a wand of roots (9) (lightly wounded, 85% to hit)
The blast of sand hits Crazy Yiuf.
Crazy Yiuf is heavily wounded.
Crazy Yiuf completely misses you.
Aiming: Sandblast (safe; 1% risk of failure)
Press: ? - help, Q - select action, (/) - cycle Shift-Dir - straight line, f/p - Crazy Yiuf
Aim: Crazy Yiuf, wielding a +3 quarterstaff of chaos, wearing a +0 cloak and carrying a wand of roots (9) (heavily wounded, 85% to hit)
The blast of sand hits Crazy Yiuf!
Crazy Yiuf is almost dead.
Crazy Yiuf zaps a wand.
The roots erupt in riotous growth!
The grasping roots grab you!
Crazy Yiuf is unaffected.
The grasping roots constrict you.
Crazy Yiuf hits you with a +3 quarterstaff of chaos.
* * * LOW HITPOINT WARNING * * *
The grasping roots constrict you.
* * * LOW HITPOINT WARNING * * *
Aiming: Sandblast (safe; 1% risk of failure)
Press: ? - help, Q - select action, (/) - cycle Shift-Dir - straight line, f/p - Crazy Yiuf
Aim: Crazy Yiuf, wielding a +3 quarterstaff of chaos, wearing a +0 cloak and carrying a wand of roots (8) (almost dead, 85% to hit)
The blast of sand hits Crazy Yiuf.
Crazy Yiuf is almost dead.
Crazy Yiuf hits you with a +3 quarterstaff of chaos.
You die...

#....#####.#.####.###########.#.#
#..........#....#.# #.#.#
#....##########.#.# #.#.# #....#
##### #.#.# #....# #### #.#.#
####.# ###♣♣♣♣♣ #..# #.#.#
#.###....♣.♣♣♣ ### ##.# #)#.#
#.......P.♣..♣#...# #.###.#.#
###....P.♣♣♣♣@g...# #.....#.#
##....♣♣ ♣♣#..)# ########.#
####♣♣ ### #........# ##########


You could see Crazy Yiuf.

Vanquished Creatures
  Jessica (D:2)
  2 adders (D:2)
  2 worms (D:2)
  2 dart slugs (D:1)
  3 orcs (D:2)
  3 bats
  3 endoplasms (D:1)
  A giant cockroach (D:1)
  A goblin (D:1)
  4 hobgoblins
  2 kobolds
  4 ball pythons
  3 frilled lizards (D:1)
  6 rats
37 creatures vanquished.

Notes
Turn   | Place    | Note
-------+----------+-------------------------------------------
     0 | D:1      | cheesebisquit the Gargoyle Earth Elementalist began the
                  | quest for the Orb.
     0 | D:1      | Reached XP level 1. HP: 10/10 MP: 3/3
   168 | D:1      | Found a faded altar of an unknown god.
   195 | D:1      | Reached XP level 2. HP: 15/15 MP: 3/5
   220 | D:1      | Reached skill level 4 in Earth Magic
   607 | D:1      | Reached XP level 3. HP: 19/19 MP: 3/6
  1082 | D:2      | Noticed Jessica
  1094 | D:2      | Killed Jessica
  1098 | D:2      | Reached XP level 4. HP: 24/24 MP: 3/8
  1189 | D:2      | Reached skill level 5 in Earth Magic
  1799 | D:2      | Found a runed translucent door.
  1800 | D:2      | Noticed Crazy Yiuf
  1807 | D:2      | Slain by Crazy Yiuf

Illustrated notes

Levels and vault maps discovered:
D:1:      amcnicky_arrival_flooded_fountain, layout_loops_cross,
          basic_ecumenical_altar
D:2:      layout_basic, uniq_jessica, uniq_crazy_yiuf_cottage

Skill      XL: |  1  2  3  4 |
---------------+-------------+-----
Earth Magic    | 4 5 |  5.2
Spellcasting   | 3 |  3.3
Dodging        | |  1.5
Stealth        | |  2.1
Transmutations | |  0.7

Action                   |  1- 3 |  4- 6 || total
-------------------------+-------+-------++-------
Melee: Hand axe          |     1 |     1 ||     2
 Cast: Sandblast         |    36 |    19 ||    55
Dodge: Dodged            |     4 |     3 ||     7
